 Dungeon Crawl Stone Soup version 0.31.0-11-ge490571c62 (webtiles) character file.

Game seed: 16910669728328356560

98 qw the Shooter (level 4, -2/22 HPs)
             Began as a Spriggan Hunter on Feb 4, 2024.
             Slain by a gnoll
             ... wielding a +0 whip
              (7 damage)
             ... on level 3 of the Dungeon.
             The game lasted 00:00:06 (1760 turns).

qw the Shooter (Spriggan Hunter)                    Turns: 1760, Time: 00:00:07

Health: -2/22      AC:  2    Str:  7    XL:     4   Next: 43%
Magic:  5/5        EV: 20    Int: 10    God:
Gold:   83         SH:  0    Dex: 20    Spells: 3/3 levels left

rFire   . . .        a - +0 shortbow
rCold   . . .        (shield currently unavailable)
rNeg    . . .        c - +0 robe
rPois   .            (helmet restricted)
rElec   .            (no cloak)
rCorr   .            (gloves unavailable)
SInv    +            (boots unavailable)
Will    .....        (no amulet)
Stlth   ++           (no ring)
HPRegen 0.23/turn    (no ring)
MPRegen 0.09/turn

%: no passive effects
@: very quick
A: very small, no large weapons, unfitting armour, see invisible, speed 3
a: no special abilities


You were on level 3 of the Dungeon.
You visited 1 branch of the dungeon, and saw 3 of its levels.

You collected 83 gold pieces.


Innate Abilities, Weirdness & Mutations

You are very small and have problems with some larger weapons.
You are too small for most types of armour.
You have supernaturally acute eyesight. (SInv)
You cover ground extremely quickly. (Speed+++)


   Skills:
 - Level 1.5 Fighting
 - Level 5.0 Ranged Weapons
 + Level 4.9 Dodging
 - Level 1.5 Stealth


You had 3 spell levels left.
You didn't know any spells.
Your spell library was empty.

Inventory:

Hand Weapons
 a - a +0 shortbow (weapon)
Armour
 b - a scarf of invisibility
 c - a +0 robe (worn)
Potions
 d - a potion of curing
 e - a potion of attraction {unknown}

Dungeon Overview and Level Annotations

Branches:
Dungeon (3/15)

Altars:


Message History

HP restored.
Things that are here:
a +0 club; a gnoll corpse
Found a stone staircase leading down.
There is a stone staircase leading down here.
You see here a +0 club.
You see here a +0 club.
A kobold and a gnoll come into view.
You shoot an arrow. The arrow barely misses the gnoll.
The gnoll shouts!
You shoot an arrow. The arrow closely misses the kobold.
The kobold shouts!
A ball python comes into view.
You shoot an arrow. The ball python hisses angrily.
The arrow hits the kobold.
The kobold is severely wounded.
You shoot an arrow. The arrow barely misses the gnoll.
The gnoll closely misses you.
You shoot an arrow. The arrow barely misses the gnoll.
The gnoll closely misses you.
You shoot an arrow. The arrow closely misses the gnoll.
The gnoll misses you.
The kobold throws a stone.
The stone closely misses you.
You shoot an arrow. The arrow hits the gnoll.
The gnoll is lightly wounded.
The gnoll hits you with a +0 whip.
The kobold throws a stone.
The stone hits you but does no damage.
You shoot an arrow. The arrow closely misses the gnoll.
The gnoll hits you with a +0 whip.
The kobold throws a stone.
The stone completely misses you. The gnoll misses you.
You shoot an arrow. The arrow closely misses the kobold.
The gnoll hits you with a +0 whip. The kobold hits you with a +0 whip.
You shoot an arrow. The arrow hits the kobold.
You kill the kobold!
The gnoll completely misses you.
You shoot an arrow. The arrow barely misses the gnoll.
The gnoll hits you with a +0 whip.
You shoot an arrow. The arrow closely misses the gnoll.
The gnoll hits you with a +0 whip!
You die...

#.# #.#.#.#........
#####.########.#.#.#........
#............).#.#.#.#######
#.###..#########.#.#.# ##...
#)#.#.# ###..# #.#.#.# #.#
#.#.#.# #.######.#.#.#
#.)@.....# #.. #.g#######
##. #.S ##. #. #. #. ..


You could see a gnoll and a ball python.

Vanquished Creatures
  2 gnolls (D:3)
  An adder (D:2)
  2 ribbon worms (D:2)
  2 dart slugs
  An orc (D:2)
  4 ball pythons
  4 endoplasms
  A giant cockroach (D:2)
  10 goblins
  7 hobgoblins
  3 quokkas (D:1)
  3 bats
  5 frilled lizards
  6 kobolds
  4 rats
55 creatures vanquished.

Notes
Turn   | Place    | Note
-------+----------+-------------------------------------------
     0 | D:1      | qw the Spriggan Hunter began the quest for the Orb.
     0 | D:1      | Reached XP level 1. HP: 10/10 MP: 2/2
     0 | D:1      | 0 ||| qw: Version: 0.3-a-160-g6735b56
     0 | D:1      | 0 ||| qw: Game counter: 5130
     0 | D:1      | 0 ||| qw: Melee chars always use a shield: true
     0 | D:1      | 0 ||| qw: God list: Okawaru
     0 | D:1      | 0 ||| qw: Allow faded altars: false
     0 | D:1      | 0 ||| qw: Do Orc after clearing Dungeon:15 true
     0 | D:1      | 0 ||| qw: Do second Lair branch before Depths: true
     0 | D:1      | 0 ||| qw: Lair rune preference: random
     0 | D:1      | 0 ||| qw: Goals: Normal
     0 | D:1      | 0 ||| PLANNING D:1-11
    56 | D:1      | Reached skill level 3 in Dodging
    96 | D:1      | Reached XP level 2. HP: 14/14 MP: 3/3
   271 | D:1      | Found a faded altar of an unknown god.
   527 | D:1      | Reached XP level 3. HP: 18/18 MP: 4/4
   690 | D:1      | Identified the +0 pair of boots of Resourcefulness {Str+3}
   936 | D:1      | 936 ||| DROPPING +6 ring of intelligence.
   937 | D:1      | 937 ||| READING scroll labelled PIESA QURA.
   938 | D:1      | 938 ||| READING scroll labelled PEUR XORAG.
   938 | D:1      | 938 ||| IDENTIFYING pink potion
   939 | D:1      | 939 ||| READING scroll labelled POGABLO RUKE.
   940 | D:1      | 940 ||| DROPPING scroll of butterflies.
  1208 | D:2      | Reached skill level 5 in Ranged Weapons
  1399 | D:2      | 1399 ||| READING scroll labelled XAOFISTRENT.
  1434 | D:3      | Reached XP level 4. HP: 22/22 MP: 5/5
  1497 | D:3      | 1497 ||| STAIRDANCE
  1502 | D:3      | 1502 ||| STAIRDANCE
  1512 | D:3      | 1512 ||| STAIRDANCE
  1520 | D:3      | 1520 ||| STAIRDANCE
  1759 | D:3      | HP: 5/22 [gnoll/+0 whip (2)]
  1760 | D:3      | Slain by a gnoll

Levels and vault maps discovered:
D:1:      eino_arrival_water_cross, layout_basic,
          dreamdust_ecumenical_altar_angels_and_demons, minmay_misc_feat_five,
          minivault_5
D:2:      layout_rooms
D:3:      layout_basic, kennysheep_generic_room_2

Skill      XL: |  1  2  3 |
---------------+----------+-----
Dodging        | 3 4 |  4.9
Ranged Weapons | 5 |  5.0
Fighting       | |  1.5
Stealth        | |  1.5

Action                     |  1- 3 |  4- 6 || total
---------------------------+-------+-------++-------
   Fire: Shortbow          |   116 |    47 ||   163
    Use: Scroll            |     4 |       ||     4
 Armour: Robe              |     8 |    16 ||    24
  Dodge: Dodged            |    23 |    30 ||    53

Table legend:
 A = Non-vault XP
 B = Vault XP
 C = Vault XP percentage of total XP
 D = Non-vault monster count
 E = Vault monster count
 F = Vault count percentage of total count
                 A         B        C        D         E       F
            +---------+---------+-------+---------+---------+-------
      Total |     134 |       6 |   4.3 |      52 |       3 |   5.5
            +---------+---------+-------+---------+---------+-------
        D:1 |      48 |       0 |   0.0 |      28 |       0 |   0.0
        D:2 |      51 |       6 |  10.5 |      18 |       3 |  14.3
        D:3 |      35 |       0 |   0.0 |       6 |       0 |   0.0
            +---------+---------+-------+---------+---------+-------
